 Dungeon Crawl Stone Soup version 0.31-a0-845-g9abc20d24f (webtiles) character file.

Game seed: 3953133770123552451

81 Kurtz the Chopper (level 4, 0/31 HPs)
             Began as an Octopode Fighter on Oct 1, 2023.
             Slain by a gnoll
             ... wielding a +0 spear
              (5 damage)
             ... on level 3 of the Dungeon.
             The game lasted 00:01:36 (1616 turns).

Kurtz the Chopper (Octopode Fighter)                Turns: 1616, Time: 00:01:37

Health: 0/31       AC:  1    Str: 15    XL:     4   Next: 40%
Magic:  4/4        EV: 12    Int: 10    God:
Gold:   149        SH:  8    Dex: 13    Spells: 3/3 levels left

rFire   . . .        a - +0 war axe
rCold   . . .        o - +0 kite shield
rNeg    . . .        (helmet restricted)
rPois   .            (no amulet)
rElec   .            i - ring of willpower
rCorr   .            j - ring of see invisible
SInv    +            (no ring)
Will    +....        (no ring)
Stlth   +++          (no ring)
HPRegen 0.25/turn    (no ring)
MPRegen 0.09/turn    (no ring)
                     (no ring)

%: no passive effects
@: mighty
A: almost no armour, amphibious, 8 rings, camouflage 1, gelatinous body 1,
(nimble swimmer 1), tentacles
a: no special abilities


You were on level 3 of the Dungeon.
You visited 1 branch of the dungeon, and saw 3 of its levels.

You collected 149 gold pieces.

Inventory:

Hand Weapons
 a - a +0 war axe (weapon)
Missiles
 k - 8 poisoned darts
 m - 6 javelins
Armour
 b - a +0 buckler
 o - a +0 kite shield (worn)
Jewellery
 i - a ring of willpower (left tentacle)
 j - a ring of see invisible (right tentacle)
 r - a ring of protection from fire
Scrolls
 d - 3 scrolls of identify {unknown}
 n - a scroll of blinking {unknown}
 p - 2 scrolls of enchant armour {unknown}
 s - a scroll of revelation {unknown}
 t - a scroll of noise {unknown}
Potions
 c - a potion of might
 e - a potion of resistance {unknown}
 f - a potion of curing {unknown}
 g - a potion of heal wounds {unknown}
 h - a potion of haste {unknown}
 l - a potion of invisibility {unknown}
 q - a potion of mutation {unknown}


   Skills:
 - Level 3.0 Fighting
 * Level 4.2 Axes
 - Level 3.0 Dodging
 - Level 2.0 Stealth
 - Level 3.0 Shields


You had 3 spell levels left.
You didn't know any spells.
Your spell library contained the following spells:

 Spells                   Type           Power      Damage    Failure   Level
 Blink                    Tloc           0%         N/A       87%         2
 Lesser Beckoning         Tloc           0%         N/A       87%         2
 Momentum Strike          Conj/Tloc      0%         3d8       87%         2


Dungeon Overview and Level Annotations

Branches:
Dungeon (3/15)

Altars:
Nemelex Xobeh
Yredelemnul

Annotations:
D:3 1 runed translucent door, superbruh's ghost, weakling DrSh


Innate Abilities, Weirdness & Mutations

You cannot wear most types of armour.
You are amphibious.
You can wear up to eight rings at the same time.
Your skin changes colour to match your surroundings (Stealth+).
Your rubbery body absorbs attacks. (AC +1, EV +1)
((You are camouflaged when in or above water. (Stealth+)))
You have tentacles for arms and can constrict up to eight enemies at once.


Message History

No target in view!
No target in view!
No target in view!
A gnoll is nearby!
There are monsters nearby!
The gnoll hits you with a +0 whip.
Unknown command.
The gnoll attacks as it pursues you! The gnoll hits you with a +0 whip!
The gnoll shouts! x2; You hear an angry hiss.
The gnoll attacks as it pursues you! The gnoll barely misses you.
The gnoll misses you. The gnoll attacks as it pursues you!
You block the gnoll's attack.
You feel very mighty all of a sudden. You block the gnoll's attack.
The gnoll hits you from afar with a +0 spear.
You slash the gnoll! Your grab misses the gnoll.
The gnoll is severely wounded.
You block the gnoll's attack.
The gnoll hits you from afar with a +0 spear.
You closely miss the gnoll. You grab the gnoll. You squeeze the gnoll.
You kill the gnoll!
The gnoll barely misses you. You block the gnoll's attack.
Your Axes skill increases to level 4!
You are too injured to fight recklessly!
You block the gnoll's attack.
Things that are here:
a +0 whip; a gnoll corpse You are too injured to fight recklessly!
You slash the gnoll!
You kill the gnoll!
The gnoll hits you with a +0 club.
You hit the gnoll. You grab the gnoll.
The gnoll is moderately wounded.
You constrict the gnoll.
The gnoll hits you from afar with a +0 spear.
* * * LOW HITPOINT WARNING * * *
The gnoll hits you with a +0 club.
* * * LOW HITPOINT WARNING * * *
The gnoll hits you from afar with a +0 spear.
You die...

#.#........#...##.÷.≈..§≈
#.#.§).....#.#.##...≈._.≈
#.#.§§≈≈≈..#...##.≈.§§§.≈
#.')§≈≈≈≈§.+.####.≈.§§≈≈≈
#.'.§§§§§.§+.# #.≈...§..
###..≈§§§.§#.# #!≈≈≈≈≈≈≈
#...§.§§.#g# #........
#........#g# ####''####@#
#.....#.# #####...# ###.#
#.# ## #.# #♣8♣# #.#
#W).# #.# ##+##
#.####...#


You could see 2 gnolls.

Vanquished Creatures
  2 gnolls (D:3)
  2 adders
  A worm (D:3)
  A dart slug (D:2)
  3 ball pythons
  2 endoplasms (D:2)
  3 giant cockroaches
  6 goblins
  2 hobgoblins
  5 kobolds
  5 bats
  4 frilled lizards
  5 rats
41 creatures vanquished.

Notes
Turn   | Place    | Note
-------+----------+-------------------------------------------
     0 | D:1      | Kurtz the Octopode Fighter began the quest for the Orb.
     0 | D:1      | Reached XP level 1. HP: 16/16 MP: 1/1
   115 | D:1      | Found a faded altar of an unknown god.
   190 | D:1      | Reached XP level 2. HP: 21/21 MP: 2/2
   375 | D:1      | Reached skill level 3 in Axes
   463 | D:2      | Reached skill level 1 in Stealth
   463 | D:2      | Reached XP level 3. HP: 18/26 MP: 3/3
   834 | D:3      | Found a basalt altar of Yredelemnul.
  1086 | D:2      | Found a sparkling altar of Nemelex Xobeh.
  1220 | D:2      | Reached XP level 4. HP: 31/31 MP: 4/4
  1571 | D:3      | Found a runed translucent door.
  1571 | D:3      | Noticed superbruh's ghost (weakling DrSh)
  1614 | D:3      | Reached skill level 4 in Axes
  1616 | D:3      | Slain by a gnoll

Illustrated notes

Levels and vault maps discovered:
D:1:      roderic_chinese_lattice_arrival, layout_rooms,
          chequers_ecumenical_altar_simple
D:2:      layout_basic, basic_altar
D:3:      layout_basic, mainiacjoe_overflow_concentric_impassable,
          gammafunk_ghost_grave, kennysheep_generic_room_6

Skill      XL: |  1  2  3  4 |
---------------+-------------+-----
Axes           | 3 4 |  4.2
Stealth        | 1 2 |  2.0
Fighting       | |  3.0
Dodging        | |  3.0
Shields        | |  3.0

Action                     |  1- 3 |  4- 6 || total
---------------------------+-------+-------++-------
  Melee: War axe           |    59 |     9 ||    68
         Constrict         |    12 |     4 ||    16
         Tentacles         |     7 |     2 ||     9
    Use: Potion            |       |     1 ||     1
   Stab: Sleeping          |    12 |     1 ||    13
 Armour: Skin              |    24 |    11 ||    35
  Dodge: Dodged            |    42 |     4 ||    46
  Block: Buckler           |    15 |       ||    15
         Kite shield       |     2 |     6 ||     8

Table legend: (Time is in decaauts)
 A = Elapsed time spent in this place.
 B = Non-inter-level travel time spent in this place.
 C = Inter-level travel time spent in this place.
 D = Time resting spent in this place.
 E = Time spent auto-exploring this place.
 F = Levels seen in this place.
 G = Mean time per level.
                   A        B        C        D        E       F      G
               +--------+--------+--------+--------+--------+-----+--------+
         Total |   1644 |   1582 |     62 |    159 |   1100 |   3 |  548.0 |
       Dungeon |   1644 |   1582 |     62 |    159 |   1100 |   3 |  548.0 |
               +--------+--------+--------+--------+--------+-----+--------+

Top non-repeatable levels by time:
     D:2: 786 daAuts
     D:3: 429 daAuts
     D:1: 428 daAuts
